 Dungeon Crawl Stone Soup version 0.32-a0-747-gc8563f6773 (webtiles) character file.

Game seed: 10611684023925404892

384683 sleeves the Wrestler (level 22, -1/192 HPs)
             Began as a Ghoul Cinder Acolyte on Mar 16, 2024.
             Was a High Priest of Okawaru.
             Slain by a phantasmal warrior (26 damage)
             ... led by a vampire knight
             ... on level 1 of the Crypt on Mar 17, 2024.
             The game lasted 02:11:01 (58913 turns).

sleeves the Wrestler (Ghoul Cinder Acolyte)        Turns: 58913, Time: 02:11:02

Health: -1/192     AC: 25    Str: 21    XL:     22   Next: 97%
Magic:  33/33      EV: 17    Int: 26    God:    Okawaru [*****.]
Gold:   5189       SH: 20    Dex: 13    Spells: 23/23 levels left

rFire   + +          +
                       - Unarmed
rCold   + + +        b - +2 shield of Resistance {rF++ rC++ Will++}
rNeg    + + +        E - +4 plate armour {rF+}
rPois   ∞            p - +2 helmet
rElec   +            Y - scarf of the Harp {god gift, rC+ rF+, rElec Int+7 SInv Stlth-}
rCorr   .            I - +0 pair of gloves {Dex+3}
SInv    +            D - +2 pair of slick slippers {slick, slippery, EV+4}
Will    ++...        f - amulet of reflection Stlth
                     e - ring of the Crown {Will++ Str-2 Int+6}
HPRegen 0.00/turn    W - ring "Tunniere" {rC+ EV+5}
MPRegen 0.23/turn

%: reflection
@: weak-willed, inhibited regen, studying Short Blades
A: claws 1, cold resistance 1, negative energy resistance 3, inhibited
regeneration, torment resistance 2, devour on kill
}: 2/15 runes: barnacled, gossamer
a: Renounce Religion, Heroism, Finesse, Duel


You were on level 1 of the Crypt.
You worshipped Okawaru.
Okawaru was extremely pleased with you.
You visited 9 branches of the dungeon, and saw 39 of its levels.
You also visited: Bailey, Ice Cave and Desolation.

You collected 5748 gold pieces.
You spent 559 gold pieces at shops.

Inventory:

Hand Weapons
 R - the +8 lance "Wyrmbane" {god gift, slay drac, rPois rF+ rC+ AC+3}
   (Okawaru gifted it to you on level 2 of the Shoals)

   AC+3:      It affects your AC (+3).
   rF+:       It protects you from fire.
   rC+:       It protects you from cold.
   rPois:     It protects you from poison.
Missiles
 m - 13 boomerangs (quivered)
 o - 21 javelins
 u - 6 throwing nets
 L - 18 silver javelins
Armour
 b - the +2 shield of Resistance (worn) {rF++ rC++ Will++}
   (You found it in the Desolation of Salt)

   rF++:      It greatly protects you from fire.
   rC++:      It greatly protects you from cold.
   Will++:    It greatly increases your willpower.
 p - a +2 helmet (worn)
   (You found it on level 3 of the Dungeon)
 D - the +2 pair of slick slippers (worn) {slick, slippery, EV+4}
   (You found it on level 3 of the Elven Halls)

   Slick:     Its wearer cannot be constricted, engulfed, netted, webbed, or
   stopped by binding sigils.
   Slippery:  Its wearer slips away from damaging melee attacks, pulling the
   attacker onward.
   EV+4:      It affects your evasion (+4).
 E - a +4 plate armour of fire resistance (worn)
   (You took it off Donald on level 2 of the Orcish Mines)
 I - a +0 pair of gloves of dexterity (worn)
   (You found it on level 5 of the Lair of Beasts)
 M - +1 ice dragon scales
   (You found it on level 1 of the Elven Halls)
 U - a +1 tower shield of cold resistance
   (You found it in an ice cave)
 Y - the scarf of the Harp (worn) {god gift, rC+ rF+, rElec Int+7 SInv Stlth-}
   (Okawaru gifted it to you on level 2 of the Shoals)

   Int+7:     It affects your intelligence (+7).
   rElec:     It insulates you from electricity.
   SInv:      It lets you see invisible.
   Stlth-:    It makes you less stealthy.
Jewellery
 e - the ring of the Crown (left hand) {Will++ Str-2 Int+6}
   (You found it on level 3 of the Elven Halls)

   [ring of intelligence]

   Str-2:     It affects your strength (-2).
   Int+6:     It affects your intelligence (+6).
   Will++:    It greatly increases your willpower.
 f - an amulet of reflection (around neck)
   (You found it on level 1 of the Dungeon)
 k - the ring of Zasiv {Fly rF+ MP+9 Stlth+}
   (You found it in the Desolation of Salt)

   [ring of flight]

   rF+:       It protects you from fire.
   MP+9:      It affects your magic capacity (+9).
   Fly:       It grants you flight.
   Stlth+:    It makes you more stealthy.
 s - a ring of resist corrosion
   (You found it in an ice cave)
 G - the ring "Xurury" {Wiz rPois rF+ Int+5}
   (You found it on level 1 of the Spider Nest)

   [ring of wizardry]

   Wiz:       It improves your spell success rate.
   Int+5:     It affects your intelligence (+5).
   rF+:       It protects you from fire.
   rPois:     It protects you from poison.
 T - a +6 ring of strength
   (You took it off a tengu reaver on level 2 of the Vaults)
 W - the ring "Tunniere" (right hand) {rC+ EV+5}
   (You found it on level 3 of the Lair of Beasts)

   [ring of evasion]

   EV+5:      It affects your evasion (+5).
   rC+:       It protects you from cold.
 X - a ring of see invisible
   (You found it on level 2 of the Lair of Beasts)
Wands
 i - a wand of acid (19)
   (You found it on level 1 of the Spider Nest)
 B - a wand of flame (132)
   (You found it on level 6 of the Dungeon)
 C - a wand of charming (46)
   (You took it off Maurice on level 8 of the Dungeon)
 N - a wand of mindburst (7)
   (You found it on level 10 of the Dungeon)
 V - a wand of roots (7)
   (You found it on level 1 of the Lair of Beasts)
Scrolls
 c - 10 scrolls of enchant armour
 d - 6 scrolls of brand weapon
 g - a scroll of poison
 h - 2 scrolls of blinking
 j - 7 scrolls of revelation
 l - 6 scrolls of immolation
 q - a scroll of enchant weapon
 t - 7 scrolls of amnesia
 y - 8 scrolls of teleportation
 z - 7 scrolls of noise
 A - 9 scrolls of vulnerability
 O - 11 scrolls of identify
 P - 3 scrolls of fear
 Q - 3 scrolls of fog
Potions
 a - 13 potions of curing
 n - 3 potions of haste
 r - 8 potions of enlightenment
 v - 8 potions of ambrosia
 w - 6 potions of magic
 x - a potion of resistance
 F - 7 potions of degeneration
 H - 4 potions of heal wounds
 J - 4 potions of brilliance
 K - 5 potions of might
 S - 2 potions of cancellation
 Z - 4 potions of attraction


   Skills:
 + Level 15.2 Fighting
 - Level 22.0 Throwing
 + Level 10.5 Armour
 + Level 10.5 Dodging
 - Level 15.0 Shields
 - Level 22.0 Unarmed Combat
 - Level 1.0 Spellcasting
 - Level 2.4 Fire Magic
 - Level 15.0 Invocations


You had 23 spell levels left.
You didn't know any spells.
Your spell library contained the following spells:

 Spells                   Type           Power      Damage    Failure   Level
 Scorch                   Fire           26%        2d6       83%         2
 Shock                    Conj/Air       4%         1d3       95%         1
 Slow                     Hex            4%         N/A       95%         1
 Blink                    Tloc           2%         N/A       98%         2
 Cigotuvi's Dreadful Rot  Necr/Alch/Air  2%         N/A       98%         2
 Ensorcelled Hibernation  Hex/Ice        2%         N/A       98%         2
 Lesser Beckoning         Tloc           2%         N/A       98%         2
 Mercury Vapours          Alch/Air       2%         N/A       98%         2
 Momentum Strike          Conj/Tloc      2%         3d8       98%         2
 Searing Ray              Conj           2%         2d4       98%         2
 Inner Flame              Hex/Fire       7%         N/A       99%         3
 Volatile Blastmotes      Fire/Tloc      14%        2d11      99%         3
 Confusing Touch          Hex            1%         N/A       100%        3
 Fugue of the Fallen      Necr           1%         N/A       100%        3
 Gell's Gravitas          Tloc           1%         N/A       100%        3
 Passwall                 Erth           1%         N/A       100%        3
 Stone Arrow              Conj/Erth      2%         3d7       100%        3
 Swiftness                Air            1%         N/A       100%        3
 Teleport Other           Tloc           1%         N/A       100%        3
 Vampiric Draining        Necr           1%         2d6       100%        3
 Anguish                  Hex/Necr       0%         N/A       100%        4
 Cause Fear               Hex            0%         N/A       100%        4
 Flame Wave               Conj/Fire      7%         2d5       100%        4
 Fulminant Prism          Conj/Alch      0%         3d5       100%        4
 Ignite Poison            Fire/Alch      7%         N/A       100%        4
 Leda's Liquefaction      Alch/Erth      0%         N/A       100%        4
 Manifold Assault         Tloc           1%         N/A       100%        4
 Passage of Golubria      Tloc           1%         N/A       100%        4
 Petrify                  Alch/Erth      1%         N/A       100%        4
 Sticky Flame             Fire/Alch      7%         2d4       100%        4
 Vhi's Electric Charge    Tloc/Air       2%         N/A       100%        4
 Arcjolt                  Conj/Air       0%         1d10      100%        5
 Borgnjor's Vile Clutch   Necr/Erth      0%         N/A       100%        5
 Freezing Cloud           Conj/Ice/Air   0%         6-21      100%        5
 Irradiate                Conj/Alch      0%         3d11      100%        5
 Silence                  Hex/Air        0%         N/A       100%        5
 Yara's Violent Unravell  Hex/Alch       0%         3d3       100%        5
 Bombard                  Conj/Erth      0%         9d1       100%        6
 Conjure Ball Lightning   Conj/Air       0%         3x3d6     100%        6
 Dispersal                Tloc           0%         N/A       100%        6
 Enfeeble                 Hex            0%         N/A       100%        7
 Orb of Destruction       Conj           0%         9d5       100%        7
 Ozocubu's Refrigeration  Ice            0%         4d7       100%        7
 Discord                  Hex            0%         N/A       100%        8
 Disjunction              Tloc           0%         N/A       100%        8
 Lehudib's Crystal Spear  Conj/Erth      0%         10d2      100%        8
 Maxwell's Capacitive Co  Air            0%         ∞         100%        8
 Chain Lightning          Conj/Air       0%         2d1       100%        9
 Fire Storm               Conj/Fire      3%         8d1       100%        9
 Polar Vortex             Ice            0%         N/A       100%        9
 Shatter                  Erth           0%         3d5*      100%        9
 Tukima's Dance           Hex            Unusable   N/A       N/A         3
 Animate Armour           Summ/Erth      Unusable   N/A       N/A         4
 Animate Dead             Necr           Unusable   N/A       N/A         4
 Summon Blazeheart Golem  Fire/Summ      Unusable   N/A       N/A         4
 Death Channel            Necr           Unusable   N/A       N/A         6
 Sculpt Simulacrum        Ice/Alch       Unusable   N/A       N/A         6
 Spellforged Servitor     Conj/Summ      Unusable   N/A       N/A         7

Dungeon Overview and Level Annotations

Branches:
Dungeon (15/15)            Temple (1/1) D:6            Lair (5/5) D:11
 Shoals (4/4) Lair:2       Spider (4/4) Lair:3        Slime (0/5) Lair:5
    Orc (2/2) D:11            Elf (3/3) Orc:2        Vaults (4/5) D:14
  Crypt (1/3) Vaults:2     Depths (0/4) D:15         Bailey (visited)
  IceCv (visited)         Desolation (visited)

Altars:
Ashenzari
Cheibriados
Dithmenos
Fedhas
Gozag
Hepliaklqana
Kikubaaqudgha
Makhleb
Nemelex Xobeh
Okawaru
Qazlal
Ru
Sif Muna
Trog
Uskayaw
Vehumet
Wu Jian
Xom
Yredelemnul
Beogh
Jiyva

Shops:
D:5 !   D:8 [   D:10 !   Orc:2 =(:*(   Elf:2 *   Elf:3 =   Shoals:2 (
Vaults:1 !   Vaults:2 ?

Portals:
Abyss: Lair:1
Trove: D:13 (give horn of Geryon)

Annotations:
D:3 1 runed translucent door, dialectric's ghost, amateur DsFi
D:4 2 transporters, RandomusNamus's ghost, amateur TrCA
D:5 2 transporters, hecktor's ghost, novice FoHu
D:12 Rupert
Lair:1 2 transporters, zenocrate's ghost, journeyman OpEE
Shoals:1 Roxanne
Elf:2 5 runed translucent doors, Jorgrun
Elf:3 3 runed translucent doors, Gazog's ghost, adept VSSh
Vaults:4 3 runed translucent doors, gimp's ghost, adept MfSh


Innate Abilities, Weirdness & Mutations

You are immune to poison.
You have sharp fingernails.
Your flesh is cold resistant. (rC+)
You are immune to negative energy. (rN+++)
You do not regenerate when monsters are visible.
You are immune to unholy pain and torment.
You thrive by killing the living.


Message History

You punch the ghoul!
The ghoul is almost destroyed.
You barely miss the ghoul.
The ghoul is almost destroyed.
The ghoul claws you!
* * * LOW HITPOINT WARNING * * *
You slip backwards!
You hit the ghoul.
You destroy the ghoul!
Okawaru accepts your kill.
You punch the ghoul!
The ghoul is lightly damaged.
You block the ghoul's attack. The ghoul barely misses you.
You barely miss the ghoul.
The ghoul is lightly damaged.
You punch the ghoul!
The ghoul is lightly damaged.
The ghoul claws you but does no damage. The ghoul barely misses you.
You gain the combat prowess of a mighty hero.
You block the ghoul's attack. x3; The ghoul completely misses you.
You squash the ghoul like an ant!!!
The ghoul is heavily damaged.
You punch the ghoul!
The ghoul is severely damaged.
The ghoul claws you!
* * * LOW HITPOINT WARNING * * *
You block the ghoul's attack. x2; The ghoul claws you but does no damage.
You barely miss the ghoul.
The ghoul is severely damaged.
You hit the ghoul.
The ghoul is severely damaged.
The ghoul claws you but does no damage. You block the ghoul's attack.
You block the freezing wraith's attack. x2; The ghoul completely misses you.
The ghoul claws you.
* * * LOW HITPOINT WARNING * * *
You hit the freezing wraith but do no damage.
The freezing wraith is heavily damaged.
The ghoul claws you but does no damage. You block the ghoul's attack.
You pummel the freezing wraith!!
You destroy the freezing wraith!
Okawaru accepts your kill. You block the ghoul's attack. x2
You pummel the ghoul like a punching bag!!!
The ghoul is almost destroyed.
You block the ghoul's attack. The ghoul barely misses you.
You hit the ghoul but do no damage.
The ghoul is almost destroyed.
The ghoul completely misses you. The ghoul claws you!
* * * LOW HITPOINT WARNING * * *
The deep troll skeleton bites you but does no damage.
You block the deep troll skeleton's attack.
The deep troll skeleton claws you.
* * * LOW HITPOINT WARNING * * *
You pulverise the ghoul!!!
You destroy the ghoul!
Okawaru accepts your kill. The ghoul claws you!!
* * * LOW HITPOINT WARNING * * *
The ghoul claws you but does no damage.
You pound the ghoul into fine dust!!!
The ghoul is moderately damaged.
You block the deep troll skeleton's attack. x2
The deep troll skeleton misses you.
You squash the ghoul like an ant!!!
The ghoul is severely damaged.
The ghoul claws you but does no damage. The ghoul closely misses you.
You squash the ghoul like an ant!!!
The ghoul is almost destroyed.
You punch the ghoul!
You destroy the ghoul!
Okawaru accepts your kill.
You block the deep troll skeleton's attack.
The deep troll skeleton claws you but does no damage.
The deep troll skeleton misses you.
An iron troll skeleton comes into view.
You block the deep troll skeleton's attack.
The deep troll skeleton completely misses you.
The deep troll skeleton claws you but does no damage.
There is a staircase back to the Vaults here.
You see here a ghoul corpse.
You climb upwards.
Welcome back to the Vaults!
There is a staircase to the Crypt here.
Okay, then.
You start resting.
You feel like a meek peon again.
You start resting.
HP restored.
You climb downwards.
Welcome back to the Crypt!
This branch is unnaturally silent: sounds travel farther here.
You block the deep troll skeleton's attack. x2
The deep troll skeleton barely misses you.
The deep troll skeleton bites you but does no damage.
The deep troll skeleton claws you but does no damage.
You block the deep troll skeleton's attack.
There is a staircase back to the Vaults here.
You see here a ghoul skeleton.
You punch the iron troll skeleton!
The iron troll skeleton is lightly damaged.
You block the iron troll skeleton's attack. x3
You punch the iron troll skeleton!
The iron troll skeleton is lightly damaged.
You block the deep troll skeleton's attack. x3
You punch the iron troll skeleton!
The iron troll skeleton is moderately damaged.
You hit the iron troll skeleton but do no damage.
The iron troll skeleton is moderately damaged.
The iron troll skeleton bites you.
You slip backwards!
You block the deep troll skeleton's attack. x3
You hit the iron troll skeleton but do no damage.
The iron troll skeleton is moderately damaged.
You hit the iron troll skeleton.
The iron troll skeleton is moderately damaged.
You block the deep troll skeleton's attack. x3
You punch the iron troll skeleton!
The iron troll skeleton is heavily damaged.
You block the iron troll skeleton's attack.
The iron troll skeleton claws you but does no damage.
The iron troll skeleton misses you.
You hit the iron troll skeleton.
The iron troll skeleton is heavily damaged.
You block the deep troll skeleton's attack.
The deep troll skeleton barely misses you.
The deep troll skeleton closely misses you.
You hit the iron troll skeleton.
The iron troll skeleton is heavily damaged.
You pummel the iron troll skeleton!!
The iron troll skeleton is severely damaged.
You block the iron troll skeleton's attack.
The iron troll skeleton claws you but does no damage.
The iron troll skeleton barely misses you.
The deep troll skeleton completely misses you.
The deep troll skeleton barely misses you.
You block the deep troll skeleton's attack.
You punch the iron troll skeleton!
The iron troll skeleton is almost destroyed.
You hit the iron troll skeleton but do no damage.
The iron troll skeleton is almost destroyed.
The deep troll skeleton misses you.
You block the deep troll skeleton's attack. x2
You hit the iron troll skeleton but do no damage.
The iron troll skeleton is almost destroyed.
You block the iron troll skeleton's attack. x3
You hit the iron troll skeleton.
The iron troll skeleton is almost destroyed.
The deep troll skeleton bites you but does no damage.
You block the deep troll skeleton's attack.
The deep troll skeleton barely misses you.
You hit the iron troll skeleton.
The iron troll skeleton is almost destroyed.
You punch the iron troll skeleton!
You destroy the iron troll skeleton!
Okawaru accepts your kill.
The deep troll skeleton completely misses you.
You block the deep troll skeleton's attack. x2
You pummel the deep troll skeleton!!
The deep troll skeleton is heavily damaged.
You block the deep troll skeleton's attack.
The deep troll skeleton misses you.
The deep troll skeleton closely misses you.
You pummel the deep troll skeleton!!
The deep troll skeleton is severely damaged.
You pummel the deep troll skeleton like a punching bag!!!
You destroy the deep troll skeleton!
Okawaru accepts your kill.
No target in view!
No target in view!
No target in view!
No target in view!
No target in view!
No target in view!
No target in view!
No target in view!
No target in view!
No target in view!
No target in view!
No target in view!
No target in view!
No target in view!
No target in view!
No target in view!
HP restored.
Found a pair of boots.
You see here a ghoul skeleton.
As you open the gate, it creaks loudly!
A necromancer, a dire elephant skeleton and 3 simulacra come into view.
The necromancer shouts!
There are monsters nearby!
You block the anaconda simulacrum's attack.
You block the alligator simulacrum's attack.
The alligator simulacrum bites you but does no damage.
The anaconda simulacrum barely misses you.
There is an open gate here.
You punch the alligator simulacrum!
The alligator simulacrum is moderately damaged.
The anaconda simulacrum barely misses you.
The alligator simulacrum misses you.
The alligator simulacrum bites you but does no damage.
You pummel the alligator simulacrum!!
The alligator simulacrum vaporises!
Okawaru accepts your kill.
You block the anaconda simulacrum's attack.
You block the necromancer's attack.
You hit the anaconda simulacrum.
The anaconda simulacrum is lightly damaged.
You block the anaconda simulacrum's attack.
You hit the anaconda simulacrum.
The anaconda simulacrum is moderately damaged.
You block the anaconda simulacrum's attack.
You block the necromancer's attack.
You closely miss the anaconda simulacrum.
The anaconda simulacrum is moderately damaged.
The anaconda simulacrum bites you but does no damage.
The dire elephant simulacrum completely misses you.
You block the dire elephant simulacrum's attack.
The necromancer hits you but does no damage.
You hit the anaconda simulacrum but do no damage.
The anaconda simulacrum is moderately damaged.
You block the anaconda simulacrum's attack.
You closely miss the anaconda simulacrum.
The anaconda simulacrum is moderately damaged.
The anaconda simulacrum barely misses you.
You block the necromancer's attack.
You block the dire elephant simulacrum's attack. x2
You hit the anaconda simulacrum but do no damage.
The anaconda simulacrum is moderately damaged.
The anaconda simulacrum misses you.
You punch the anaconda simulacrum!
The anaconda simulacrum is severely damaged.
The anaconda simulacrum bites you but does no damage.
You block the necromancer's attack.
The dire elephant simulacrum completely misses you.
The dire elephant simulacrum trunk-slaps you but does no damage.
You pummel the anaconda simulacrum!!
The anaconda simulacrum vaporises!
Okawaru accepts your kill. You block the necromancer's attack.
You pummel the necromancer!!
The necromancer is severely wounded.
The dire elephant simulacrum tramples you!
You slip backwards!
You pummel the dire elephant simulacrum!!
The dire elephant simulacrum is heavily damaged.
You hit the dire elephant simulacrum.
The dire elephant simulacrum is heavily damaged.
The dire elephant skeleton is engulfed in freezing vapours.
You block the dire elephant simulacrum's attack.
The dire elephant simulacrum trunk-slaps you but does no damage.
You pummel the dire elephant simulacrum!!
The dire elephant simulacrum vaporises!
Okawaru accepts your kill.
You completely miss the dire elephant skeleton.
The dire elephant skeleton is lightly damaged.
You completely miss the dire elephant skeleton.
The dire elephant skeleton is lightly damaged.
The dire elephant skeleton is engulfed in freezing vapours.
You block the dire elephant skeleton's attack.
You punch the dire elephant skeleton!
The dire elephant skeleton is lightly damaged.
You pummel the dire elephant skeleton!!
The dire elephant skeleton is moderately damaged.
The dire elephant skeleton is engulfed in freezing vapours.
The dire elephant skeleton barely misses you.
You punch the dire elephant skeleton!
The dire elephant skeleton is heavily damaged.
The necromancer mumbles some strange words.
The necromancer binds the souls of nearby monsters.
You punch the dire elephant skeleton!
The dire elephant skeleton is heavily damaged.
The dire elephant skeleton closely misses you.
You pummel the dire elephant skeleton!!
The dire elephant skeleton is severely damaged.
The necromancer casts a spell.
The necromancer binds the souls of nearby monsters.
You pummel the dire elephant skeleton!!
You destroy the dire elephant skeleton!
Okawaru accepts your kill.
No target in view!
No target in view!
No target in view!
No target in view!
No target in view!
No target in view!
No target in view!
No target in view!
No target in view!
No target in view!
No target in view!
No target in view!
No target in view!
No target in view!
A necromancer is nearby!
There is an open gate here.
You pummel the necromancer!!
You kill the necromancer!
Okawaru accepts your kill.
No target in view!
No target in view!
No target in view!
No target in view!
No target in view!
No target in view!
No target in view!
No target in view!
No target in view!
No target in view!
No target in view!
You open the gate.
There is an open gate here.
Found a stone staircase leading down.
You open the gate.
There is an open gate here.
You open the gate.
A basilisk zombie comes into view.
A basilisk zombie is nearby!
A basilisk zombie is nearby!
There is an open gate here.
You pummel the basilisk zombie!!
The basilisk zombie is moderately damaged.
You hit the basilisk zombie but do no damage.
The basilisk zombie is moderately damaged.
The basilisk zombie closely misses you.
A jiangshi comes into view.
You punch the basilisk zombie!
The basilisk zombie is heavily damaged.
You block the basilisk zombie's attack.
You hit the basilisk zombie but do no damage.
The basilisk zombie is heavily damaged.
You barely miss the basilisk zombie.
The basilisk zombie is heavily damaged.
You block the basilisk zombie's attack.
You hit the basilisk zombie but do no damage.
The basilisk zombie is heavily damaged.
You pummel the basilisk zombie!!
You destroy the basilisk zombie!
Okawaru accepts your kill. You block the jiangshi's attack. x2
You punch the jiangshi!
The jiangshi is moderately damaged.
The jiangshi claws you!
You slip backwards!
You hit the jiangshi.
The jiangshi is moderately damaged.
You pummel the jiangshi!!
The jiangshi is severely damaged.
You punch the jiangshi!
The jiangshi is almost destroyed.
A jiangshi is nearby!
A jiangshi is nearby!
You hit the jiangshi but do no damage.
The jiangshi is almost destroyed.
You pummel the jiangshi!!
You destroy the jiangshi!
Okawaru accepts your kill.
There is an open gate here.
You open the door.
Found a stone staircase leading down.
There is an open door here.
You open the door.
There is an open door here.
You open the gate.
A vampire knight comes into view. It is wielding a +2 broad axe.
The vampire knight shouts!
A centaur warrior zombie comes into view.
There is an open gate here.
You throw a boomerang.
The boomerang hits the vampire knight but does no damage.
You throw a boomerang. The boomerang hits the vampire knight!
The vampire knight is moderately damaged.
You throw a boomerang.
The boomerang closely misses the vampire knight.
The vampire knight mumbles some strange words.
The vampire knight flickers and vanishes for a moment.
You hear a shout!
You throw a boomerang.
The boomerang barely misses the vampire knight.
The vampire knight casts a spell.
The vampire knight seems to speed up.
You hit the vampire knight.
The vampire knight is moderately damaged.
An ettin zombie comes into view.
You block the vampire knight's attack. The vampire knight barely misses you.
You hit the vampire knight but do no damage.
The vampire knight is moderately damaged.
You block the vampire knight's attack. x2
You punch the vampire knight!
The vampire knight is heavily damaged.
You block the vampire knight's attack.
The vampire knight bites you but does no damage.
You pummel the vampire knight!!
The vampire knight is almost destroyed.
A bunyip skeleton comes into view.
You block the vampire knight's attack. x2
You hit the vampire knight but do no damage.
The vampire knight is almost destroyed.
A vampire mage comes into view.
The vampire knight hits you but does no damage.
You block the vampire knight's attack.
You pummel the vampire knight!!
You destroy the vampire knight!
Okawaru accepts your kill.
The vampire mage mumbles some strange words.
The vampire mage flickers and vanishes for a moment.
A necromancer comes into view. It is wielding a +0 dagger.
Things that are here:
a +2 broad axe; a +0 chain mail A spriggan defender skeleton comes into view.
The vampire mage misses you. The vampire mage completely misses you.
You pummel the vampire mage!!
The vampire mage is moderately damaged.
A quicksilver dragon simulacrum comes into view.
A jiangshi comes into view.
The bunyip skeleton claws you! x2
The bunyip skeleton claws you but does no damage.
You hit the vampire mage.
The vampire mage is moderately damaged.
You block the vampire mage's attack. The vampire mage bites you!
You slip backwards!
The necromancer mumbles some strange words.
The necromancer binds the souls of nearby monsters.
You pummel the vampire mage!!
The vampire mage is severely damaged.
A jiangshi comes into view.
You block the ettin zombie's attack. x2
The vampire mage hits you but does no damage.
You block the vampire mage's attack.
The vampire mage attacks as it pursues you!
You block the vampire mage's attack. x2
The vampire mage attacks as it pursues you!
The vampire mage completely misses you. The vampire mage barely misses you.
There is an open door here.
You closely miss the vampire mage.
The vampire mage is severely damaged.
You pummel the vampire mage!!
You destroy the vampire mage!
Okawaru accepts your kill. The jiangshi closely misses you.
The jiangshi claws you but does no damage.
You block the jiangshi's attack. x3; The jiangshi misses you.
You see here a +0 robe.
You block the jiangshi's attack. The jiangshi barely misses you.
The ettin zombie hits you.
You slip backwards!
You block the jiangshi's attack. x2
There is a stone staircase leading down here.
There is an open door here.
You block the jiangshi's attack. x2
The jiangshi attacks as it pursues you!
The jiangshi claws you but does no damage.
You block the jiangshi's attack. x3
The jiangshi attacks as it pursues you! You block the jiangshi's attack.
The jiangshi claws you but does no damage.
There is an open gate here.
You block the jiangshi's attack. x2
The jiangshi attacks as it pursues you! You block the jiangshi's attack.
The jiangshi claws you.
You slip backwards!
You block the jiangshi's attack.
The jiangshi claws you but does no damage.
The jiangshi attacks as it pursues you! You block the jiangshi's attack. x3
The jiangshi closely misses you. x2; The jiangshi claws you.
You slip backwards!
The jiangshi attacks as it pursues you! You block the jiangshi's attack. x3
The jiangshi claws you but does no damage.
The jiangshi completely misses you. The jiangshi claws you.
You slip backwards!
The jiangshi attacks as it pursues you! You block the jiangshi's attack. x2
The jiangshi claws you! You block the jiangshi's attack.
The jiangshi claws you but does no damage.
The jiangshi closely misses you. You block the jiangshi's attack.
The jiangshi claws you but does no damage.
The jiangshi attacks as it pursues you! You block the jiangshi's attack. x2
The jiangshi claws you!
You slip backwards!
The jiangshi attacks as it pursues you! You block the jiangshi's attack. x2
The jiangshi closely misses you.
The jiangshi claws you but does no damage.
You block the jiangshi's attack. The jiangshi closely misses you.
The jiangshi attacks as it pursues you! You block the jiangshi's attack.
The jiangshi barely misses you. The jiangshi attacks as it pursues you!
You block the jiangshi's attack. x3
The jiangshi claws you.
You slip backwards!
The jiangshi misses you. You block the jiangshi's attack.
The jiangshi claws you.
You slip backwards!
The jiangshi attacks as it pursues you! The jiangshi misses you.
The jiangshi completely misses you.
There is a staircase back to the Vaults here.
You see here a ghoul skeleton.
You block the jiangshi's attack. x2; The jiangshi claws you!
The jiangshi misses you.
You climb upwards.
Welcome back to the Vaults!
There is a staircase to the Crypt here.
You hit the jiangshi but do no damage. You block the jiangshi's attack.
The jiangshi claws you but does no damage.
You pummel the jiangshi!!
The jiangshi is moderately damaged.
You block the jiangshi's attack. x2
You pummel the jiangshi!!
The jiangshi is severely damaged.
You hit the jiangshi but do no damage.
The jiangshi is severely damaged.
The jiangshi claws you but does no damage. x2
You hit the jiangshi but do no damage.
The jiangshi is severely damaged.
The jiangshi claws you but does no damage.
You block the jiangshi's attack.
You punch the jiangshi!
The jiangshi is severely damaged.
The jiangshi claws you.
You slip backwards!
You pummel the jiangshi!!
You destroy the jiangshi!
Okawaru accepts your kill.
There is a staircase to the Crypt here.
You start resting.
HP restored.
You climb downwards.
Welcome back to the Crypt!
This branch is unnaturally silent: sounds travel farther here.
You block the jiangshi's attack. x2
You block the spriggan defender skeleton's attack.
The bunyip skeleton closely misses you. The bunyip skeleton barely misses you.
The bunyip skeleton completely misses you.
The spriggan defender skeleton hits you but does no damage.
There is a staircase back to the Vaults here.
You see here a ghoul skeleton.
You block the jiangshi's attack. x2
You block the spriggan defender skeleton's attack.
You climb upwards.
Welcome back to the Vaults!
There is a staircase to the Crypt here.
You hit the jiangshi but do no damage. You block the jiangshi's attack. x3
The jiangshi barely misses you.
You pummel the jiangshi!!
The jiangshi is heavily damaged.
The jiangshi claws you!
You slip backwards!
You barely miss the jiangshi.
The jiangshi is heavily damaged.
The jiangshi closely misses you. You block the jiangshi's attack.
You hit the jiangshi but do no damage.
The jiangshi is heavily damaged.
You block the jiangshi's attack. The jiangshi claws you.
You pummel the jiangshi!!
The jiangshi is almost destroyed.
You pummel the jiangshi!!
You destroy the jiangshi!
Okawaru accepts your kill.
No target in view!
No target in view!
No target in view!
No target in view!
No target in view!
No target in view!
No target in view!
No target in view!
No target in view!
No target in view!
No target in view!
No target in view!
No target in view!
No target in view!
There is a staircase to the Crypt here.
You climb downwards.
Welcome back to the Crypt!
This branch is unnaturally silent: sounds travel farther here.
You block the spriggan defender skeleton's attack.
The spriggan defender skeleton misses you.
There is a staircase back to the Vaults here.
You see here a ghoul skeleton.
You hit the spriggan defender skeleton.
The spriggan defender skeleton is lightly damaged.
The bunyip skeleton barely misses you.
You block the bunyip skeleton's attack. x2
You block the spriggan defender skeleton's attack.
You pummel the spriggan defender skeleton!!
The spriggan defender skeleton is moderately damaged.
You block the spriggan defender skeleton's attack.
You pummel the spriggan defender skeleton!!
The spriggan defender skeleton is heavily damaged.
You block the spriggan defender skeleton's attack.
You barely miss the spriggan defender skeleton.
The spriggan defender skeleton is heavily damaged.
You block the spriggan defender skeleton's attack.
You miss the spriggan defender skeleton.
The spriggan defender skeleton is heavily damaged.
You block the spriggan defender skeleton's attack.
You hit the spriggan defender skeleton.
The spriggan defender skeleton is heavily damaged.
You block the bunyip skeleton's attack. x3
The spriggan defender skeleton hits you but does no damage.
You closely miss the spriggan defender skeleton.
The spriggan defender skeleton is heavily damaged.
You block the spriggan defender skeleton's attack.
You pummel the spriggan defender skeleton!!
The spriggan defender skeleton is severely damaged.
You closely miss the spriggan defender skeleton.
The spriggan defender skeleton is severely damaged.
You block the spriggan defender skeleton's attack.
You pummel the spriggan defender skeleton!!
You destroy the spriggan defender skeleton!
Okawaru accepts your kill.
You pummel the bunyip skeleton!!
The bunyip skeleton is moderately damaged.
You pummel the bunyip skeleton!!
The bunyip skeleton is heavily damaged.
The bunyip skeleton closely misses you.
The bunyip skeleton claws you but does no damage.
You block the bunyip skeleton's attack.
You punch the bunyip skeleton!
The bunyip skeleton is severely damaged.
You barely miss the bunyip skeleton.
The bunyip skeleton is severely damaged.
You pummel the bunyip skeleton!!
You destroy the bunyip skeleton!
Okawaru accepts your kill.
The necromancer shouts!
You see here a ghoul skeleton.
The quicksilver dragon simulacrum bites you but does no damage.
You block the quicksilver dragon simulacrum's attack.
The quicksilver dragon simulacrum bites you.
The quicksilver dragon simulacrum freezes you!
You resist.
You slip backwards!
The necromancer casts a spell.
The necromancer binds the souls of nearby monsters.
You pummel the quicksilver dragon simulacrum!!
The quicksilver dragon simulacrum is heavily damaged.
You block the quicksilver dragon simulacrum's attack.
The quicksilver dragon simulacrum claws you.
The quicksilver dragon simulacrum freezes you.
You resist.
You slip backwards!
You pummel the quicksilver dragon simulacrum!!
The quicksilver dragon simulacrum is almost destroyed.
The necromancer casts a spell.
The necromancer binds the souls of nearby monsters.
You punch the quicksilver dragon simulacrum!
The quicksilver dragon simulacrum vaporises!
Okawaru accepts your kill. The necromancer closely misses you.
You punch the necromancer!
The necromancer is moderately wounded.
You miss the necromancer.
The necromancer is moderately wounded.
The necromancer hits you but does no damage.
You barely miss the necromancer.
The necromancer is moderately wounded.
You block the necromancer's attack.
You pummel the necromancer!!
The necromancer is almost dead.
A necromancer is nearby!
You pummel the necromancer!!
You kill the necromancer!
Okawaru accepts your kill.
You feel better.
No target in view!
No target in view!
A centaur warrior zombie is nearby!
A centaur warrior zombie is nearby!
A centaur warrior zombie is nearby!
Things that are here:
a +0 dagger; a +0 robe The centaur warrior zombie hits you but does no damage.
The centaur warrior zombie kicks you but does no damage.
You pummel the centaur warrior zombie!!
The centaur warrior zombie is moderately damaged.
You punch the centaur warrior zombie!
The centaur warrior zombie is heavily damaged.
You block the centaur warrior zombie's attack.
The centaur warrior zombie closely misses you.
You pummel the centaur warrior zombie!!
The centaur warrior zombie is severely damaged.
You block the centaur warrior zombie's attack. x2
You completely miss the centaur warrior zombie.
The centaur warrior zombie is severely damaged.
You block the centaur warrior zombie's attack.
The centaur warrior zombie kicks you but does no damage.
You pummel the centaur warrior zombie!!
You destroy the centaur warrior zombie!
Okawaru accepts your kill.
No target in view!
No target in view!
No target in view!
No target in view!
No target in view!
No target in view!
No target in view!
HP restored.
You open the gate.
Found a chain mail.
There is an open gate here.
You open the door.
There is an open door here.
You open the gate.
There is an open gate here.
There is an open gate here.
There is an open door here.
There is an open door here.
There is an open gate here.
You open the large door.
There is a large open door here.
You open the gate.
There is an open gate here.
An ettin zombie is nearby!
You block the ettin zombie's attack. x2
You pummel the ettin zombie!!
The ettin zombie is moderately damaged.
You pummel the ettin zombie!!
The ettin zombie is heavily damaged.
You block the ettin zombie's attack. The ettin zombie closely misses you.
You hit the ettin zombie but do no damage.
The ettin zombie is heavily damaged.
You hit the ettin zombie.
The ettin zombie is heavily damaged.
You block the ettin zombie's attack. x2
You punch the ettin zombie!
The ettin zombie is severely damaged.
You hit the ettin zombie.
The ettin zombie is severely damaged.
The ettin zombie hits you!
You slip backwards!
You pummel the ettin zombie!!
You destroy the ettin zombie!
Okawaru accepts your kill.
No target in view!
No target in view!
No target in view!
No target in view!
There is an open gate here.
You open the gate.
A vampire mage comes into view.
There is an open gate here.
A vampire mage is nearby!
The vampire mage gestures wildly while chanting.
The vampire mage flickers and vanishes for a moment.
Found a short sword.
A deep dwarf zombie comes into view.
The deep dwarf zombie moves out of view.
You punch the vampire mage!
The vampire mage is lightly damaged.
You block the vampire mage's attack. x2
You punch the vampire mage!
The vampire mage is moderately damaged.
You pummel the vampire mage!!
The vampire mage is almost destroyed.
You block the vampire mage's attack. x2
You hit the vampire mage but do no damage.
The vampire mage is almost destroyed.
The vampire mage barely misses you.
The vampire mage bites you but does no damage.
You closely miss the vampire mage.
The vampire mage is almost destroyed.
You pummel the vampire mage!!
You destroy the vampire mage!
Okawaru accepts your kill.
You see here a +0 robe.
You hit the deep dwarf zombie.
The deep dwarf zombie is lightly damaged.
You pummel the deep dwarf zombie!!
The deep dwarf zombie is almost destroyed.
You hear a shout!
You block the deep dwarf zombie's attack.
You pummel the deep dwarf zombie!!
You destroy the deep dwarf zombie!
Okawaru accepts your kill.
No target in view!
No target in view!
No target in view!
No target in view!
No target in view!
No target in view!
No target in view!
a - 13 potions of curing (gained 1)
A vampire knight comes into view. It is wielding a +0 war axe.
The vampire knight shouts!
You hear a shout!
A vampire knight is nearby!
A vampire knight comes into view. It is wielding a +0 war axe.
The vampire knight shouts!
A phantasmal warrior comes into view. x2
The vampire knight hits you with a +0 war axe.
You slip backwards!
A vampire mage comes into view.
The phantasmal warrior moves out of view. x2
You hit the vampire knight but do no damage.
You block the vampire knight's attack. x2
You pummel the vampire knight!!
The vampire knight is moderately damaged.
You punch the vampire knight!
The vampire knight is moderately damaged.
You block the vampire knight's attack. The vampire knight barely misses you.
You closely miss the vampire knight.
The vampire knight is moderately damaged.
You punch the vampire knight!
The vampire knight is heavily damaged.
The phantasmal warrior gestures at you.
The phantasmal warrior blinks!
An ancient champion comes into view. It is wielding a +1 heavy great mace.
You block the vampire knight's attack. x2
You completely miss the vampire knight.
The vampire knight is heavily damaged.
You punch the vampire knight!
The vampire knight is severely damaged.
You block the vampire knight's attack.
The vampire knight bites you but does no damage.
The phantasmal warrior gestures at you.
The phantasmal warrior blinks!
The ancient champion casts a spell.
The ancient champion seems to speed up.
The vampire mage gestures wildly while chanting.
The vampire mage flickers and vanishes for a moment.
The vampire knight mumbles some strange words.
The vampire knight seems to speed up.
The vampire knight points at you and mumbles some strange words.
The vampire knight blinks!
You punch the vampire knight!
The vampire knight is almost destroyed.
The vampire knight closely misses you. You block the vampire knight's attack.
The vampire knight hits you with a +0 war axe!!
You block the vampire knight's attack. The phantasmal warrior gestures at you.
The phantasmal warrior blinks!
You punch the vampire knight!
You destroy the vampire knight!
Okawaru accepts your kill.
The vampire mage casts a spell.
The vampire knight hits you but does no damage.
You block the vampire knight's attack.
Things that are here:
a +0 war axe; a +0 plate armour
Okay, then.
You hit the vampire knight but do no damage.
The vampire knight misses you. You block the vampire knight's attack.
You pummel the vampire knight!!
The vampire knight is moderately damaged.
The vampire knight hits you with a +0 war axe.
You slip backwards!
The phantasmal warrior gestures at you.
The phantasmal warrior blinks!
You hit the vampire knight but do no damage.
The vampire knight is moderately damaged.
The vampire knight closely misses you.
The vampire knight bites you but does no damage.
You closely miss the vampire knight.
The vampire knight is moderately damaged.
The vampire knight casts a spell.
The vampire knight flickers and vanishes for a moment.
You hit the vampire knight but do no damage.
The vampire knight is moderately damaged.
The vampire knight hits you with a +0 war axe!
The vampire knight barely misses you. The phantasmal warrior gestures at you.
The phantasmal warrior blinks!
Aiming: Duel (1% risk of failure)
Press: ? - help, Dir - move target, f - vampire mage
Aim: a vampire mage, wearing a +0 robe (slightly transparent)
You enter into single combat with the vampire mage!
The nagaraja zombie disappears in a puff of smoke!
The freezing wraith disappears in a puff of smoke!
The naga warrior skeleton disappears in a puff of smoke!
The wraith disappears in a puff of smoke!
The world spins around you as you enter the gateway.
You enter Okawaru's Arena!
Found a gate leading back out of this place.
The spectator shouts! x7
The vampire mage barely misses you. You block the vampire mage's attack.
There is an empty arch of ancient stone here.
You punch the vampire mage!
The vampire mage is moderately damaged.
The vampire mage hits you but does no damage.
The vampire mage barely misses you.
You hit the vampire mage.
The vampire mage is moderately damaged.
The vampire mage hits you but does no damage.
The vampire mage completely misses you.
You hit the vampire mage but do no damage.
The vampire mage is moderately damaged.
You pummel the vampire mage!!
The vampire mage is severely damaged.
You block the vampire mage's attack. x2
You punch the vampire mage!
The vampire mage is almost destroyed.
You block the vampire mage's attack.
The vampire mage bites you but does no damage.
You pummel the vampire mage!!
You destroy the vampire mage!
Okawaru accepts your kill. Okawaru crowns you victorious!
An exit appears.
Unknown command.
You start resting.
The spectator waves a pennant, rooting for your enemy!
The spectator mumbles to another spectator.
The spectator roars with approval.
Okawaru bids you farewell from the Arena.
You start resting.
The spectator jeers repeatedly at you.
You are returned from the Arena.
Welcome back to the Crypt!
The vampire knight hits you with a +0 war axe!
You slip backwards!
You punch the vampire knight!
The vampire knight is moderately damaged.
You block the phantasmal warrior's attack.
The phantasmal warrior gestures at you.
The phantasmal warrior blinks!
You block the vampire knight's attack. x2
You pummel the vampire knight!!
The vampire knight is severely damaged.
You block the phantasmal warrior's attack.
The phantasmal warrior gestures at you.
The phantasmal warrior blinks!
You hit the vampire knight but do no damage.
The vampire knight is severely damaged.
The vampire knight gestures wildly while chanting.
The vampire knight seems to speed up.
You pummel the vampire knight!!
You destroy the vampire knight!
Okawaru accepts your kill.
You block the phantasmal warrior's attack.
You barely miss the phantasmal warrior.
The ancient champion gestures at you while chanting.
The iron shot misses you. The phantasmal warrior hits you!
Your willpower is stripped away!
You block the phantasmal warrior's attack.
You punch the phantasmal warrior!
The phantasmal warrior is moderately damaged.
You pummel the ancient champion!!
The ancient champion is moderately damaged.
The phantasmal warrior hits you!!
You block the phantasmal warrior's attack.
You punch the ancient champion!
The ancient champion is heavily damaged.
You block the ancient champion's attack.
The phantasmal warrior barely misses you.
The phantasmal warrior closely misses you.
You hit the ancient champion.
The ancient champion is severely damaged.
You punch the ancient champion!
The ancient champion is severely damaged.
You block the phantasmal warrior's attack. x2
You block the ancient champion's attack.
You hit the ancient champion but do no damage.
The ancient champion is severely damaged.
The phantasmal warrior hits you!!
* * * LOW HITPOINT WARNING * * *
You block the phantasmal warrior's attack.
You completely miss the ancient champion.
The ancient champion is severely damaged.
The ancient champion barely misses you.
You barely miss the ancient champion.
The ancient champion is severely damaged.
The phantasmal warrior closely misses you.
The phantasmal warrior barely misses you.
You closely miss the ancient champion.
The ancient champion is severely damaged.
You hit the ancient champion but do no damage.
The ancient champion is severely damaged.
You block the phantasmal warrior's attack. x2
The ancient champion hits you with a +1 heavy great mace!!!
* * * LOW HITPOINT WARNING * * *
You barely miss the ancient champion.
The ancient champion is severely damaged.
You block the phantasmal warrior's attack.
The phantasmal warrior closely misses you.
You hit the ancient champion but do no damage.
The ancient champion is severely damaged.
The ancient champion gestures wildly while chanting.
The ancient champion seems to speed up.
You punch the ancient champion!
The ancient champion is almost destroyed.
You block the phantasmal warrior's attack.
The phantasmal warrior closely misses you.
The ancient champion hits you with a +1 heavy great mace!
* * * LOW HITPOINT WARNING * * *
You hit the ancient champion but do no damage.
The ancient champion is almost destroyed.
You block the phantasmal warrior's attack.
The phantasmal warrior barely misses you.
You barely miss the ancient champion.
The ancient champion is almost destroyed.
You block the ancient champion's attack.
You hit the ancient champion but do no damage.
The ancient champion is almost destroyed.
The phantasmal warrior barely misses you.
The phantasmal warrior completely misses you.
You block the ancient champion's attack.
Okay, then.
You feel much better. The phantasmal warrior hits you!!
* * * LOW HITPOINT WARNING * * *
The phantasmal warrior closely misses you.
The ancient champion casts a spell at you.
The iron shot misses you.
You hit the ancient champion.
The ancient champion is almost destroyed.
You block the phantasmal warrior's attack.
The phantasmal warrior closely misses you.
The ancient champion hits you with a +1 heavy great mace!
* * * LOW HITPOINT WARNING * * *
You punch the ancient champion!
You destroy the ancient champion!
Okawaru accepts your kill.
You closely miss the phantasmal warrior.
The phantasmal warrior is moderately damaged.
The phantasmal warrior closely misses you.
The phantasmal warrior barely misses you.
You pummel the phantasmal warrior!!
The phantasmal warrior is almost destroyed.
You block the phantasmal warrior's attack. x2
You closely miss the phantasmal warrior.
The phantasmal warrior is almost destroyed.
You hit the phantasmal warrior but do no damage.
The phantasmal warrior is almost destroyed.
You block the phantasmal warrior's attack. x2
You closely miss the phantasmal warrior.
The phantasmal warrior is almost destroyed.
The phantasmal warrior hits you but does no damage.
The phantasmal warrior hits you!!
You die...

#.........+ ##'''##++###
#.........# #+++#
####.........# #...##########.
#..'.........###............'.
...'.........'..............'.
...'.........'...[..........'.
..##.........'..WW.###'''####
#####.......####@).#........'.
##.....## #...'..).....#.
##...## #...#........# #####
#...#........'.
#...###'######. #...# ....
#...+ .... ##..+


You could see 2 phantasmal warriors.

Vanquished Creatures
  Bai Suzhen (Vaults:2)
  Saint Roka (Orc:2)
  Jory (Vaults:2)
  Arachne (Spider:4)
  A tentacled monstrosity (Vaults:1)
  5 deep elf blademasters (Elf:3)
  A sphinx (Vaults:4)
  6 deep elf master archers (Elf:3)
  A kraken (Shoals:3)
  An ancient champion (Crypt:1)
  Agnes (D:15)
  A storm dragon (Shoals:4)
  4 tengu reavers (Vaults:2)
  Aizul (Spider:4)
  Donald (Orc:2)
  An iron dragon (Vaults:2)
  5 emperor scorpions
  2 imperial myrmidons (Desolation)
  21 vault wardens
  7 deep elf sorcerers
  6 ghost moths
  An orc warlord (Vaults:1)
  2 deep elf elementalists (Elf:3)
  4 formless jellyfish
  3 ghouls (Crypt:1)
  2 broodmothers
  A very ugly thing (Vaults:1)
  10 ironbound preservers
  6 ironbound thunderhulks
  A stone giant (Orc:1)
  6 deep elf death magi
  5 deep elf demonologists
  6 deep elf annihilators
  3 vampire knights (Crypt:1)
  6 war gargoyles
  2 spark wasps (Spider:4)
  2 halazid warlocks (Desolation)
  10 dire elephants
  3 ettins
  6 merfolk javelineers
  Snorg (D:11)
  9 entropy weavers
  A crystal guardian (Desolation)
  11 merfolk impalers
  3 jiangshi
  6 yaktaur captains
  4 deep elf high priests
  6 great orbs of eyes
  8 hydras
  4 ragged hierophants (Desolation)
  Fannar (Lair:2)
  2 ice dragons
  19 vault guards
  8 peacekeepers
  A jorogumo (Spider:3)
  2 spriggan air magi (Elf:1)
  12 servants of whispers
  14 centaur warriors
  A radroach (Spider:3)
  3 ogre magi
  2 catoblepae
  A spriggan skeleton (Crypt:1)
  A merfolk avatar (Shoals:3)
  A death knight (D:15)
  11 death yaks
  2 merfolk aquamancers (Shoals:4)
  6 ironbound frosthearts
  An alligator snapping turtle (Shoals:1)
  10 two-headed ogres
  13 dancing weapons
  5 satyrs
  5 boulder beetles
  2 deep troll earth magi
  A tengu warrior (D:15)
  6 demonic crawlers
  3 vampire magi
  9 deep elf knights
  Urug (Orc:1)
  5 skysharks
  2 pharaoh ants
  3 skeletal warriors (D:12)
  A quicksilver dragon simulacrum (Crypt:1)
  A flayed ghost (Vaults:2)
  12 sea snakes
  A swamp dragon (Lair:5)
  A sun moth (Spider:4)
  6 orb spiders
  A bunyip skeleton (Crypt:1)
  27 deep trolls
  12 deep elf archers
  A glowing orange brain (Vaults:3)
  4 steelbarb worms
  15 ironbound convokers
  An orange crystal statue (Elf:1)
  Pikel (D:8)
  6 arcanists
  25 deep elf pyromancers
  2 thermic dynamos
  10 harpies
  11 wolf spiders
  3 necromancers
  2 orc knights
  4 orc sorcerers
  15 lindwurms
  19 deep elf zephyrmancers
  15 ugly things
  26 fauns
  3 lightning spires (Elf:1)
  A manticore (shapeshifter) (Vaults:2)
  5 moths of wrath
  16 manticores
  Maurice (D:8)
  12 elephants
  6 cyclopes
  9 meliai
  An elephant (shapeshifter) (Vaults:3)
  3 ice statues
  18 vault sentinels
  A black mamba (shapeshifter) (D:14)
  4 guardian serpents (Desolation)
  A centaur zombie (Crypt:1)
  16 water nymphs
  3 black mambas
  6 merfolk sirens
  4 molten gargoyles (Desolation)
  16 cane toads
  4 gargoyles
  9 torpor snails
  Maggie (D:6)
  A kobold demonologist (D:12)
  A dire elephant skeleton (Crypt:1)
  A rime drake (shapeshifter) (D:14)
  49 yaktaurs
  An unseen horror (shapeshifter) (Elf:2)
  3 unseen horrors
  3 komodo dragons
  10 rime drakes
  4 freezing wraiths
  An anaconda simulacrum (Crypt:1)
  11 trolls
  Psyche (D:12)
  A troll (shapeshifter) (Vaults:2)
  9 wind drakes
  31 merfolk
  A merfolk (shapeshifter) (Vaults:2)
  An iron troll skeleton (Crypt:1)
  58 saltlings
  26 tarantellas
  7 hornets
  An alligator simulacrum (Crypt:1)
  8 polar bears
  3 dream sheep (Lair:5)
  20 slime creatures
  An ettin zombie (Crypt:1)
  6 snapping turtles
  19 air elementals
  12 culicivoras
  A shadow (D:9)
  24 jumping spiders
  A vampire (D:12)
  A human (D:14)
  A wraith (D:12)
  58 yaks
  A dire elephant simulacrum (Crypt:1)
  6 wyverns
  25 water elementals
  19 fire elementals
  A steam dragon (shapeshifter) (D:14)
  5 basilisks
  3 steam dragons
  61 redbacks
  7 vampire mosquitoes
  6 wargs
  A deep troll skeleton (Crypt:1)
  19 water moccasins
  4 acid dragons
  A swamp drake (Lair:5)
  19 orc warriors
  5 ice beasts
  3 black bears
  3 laughing skulls (D:15)
  20 ogres
  14 centaurs
  6 boggarts
  4 lemures (D:8)
  13 bullfrogs
  3 kobold brigands
  2 gnoll sergeants
  An earth elemental (Elf:2)
  A scorpion (D:7)
  4 wights (D:7)
  16 killer bees
  A lindwurm simulacrum (IceCv)
  4 bombardier beetles
  3 electric eels
  A howler monkey (D:10)
  6 komodo dragon simulacra (IceCv)
  Crazy Yiuf (D:7)
  2 hounds
  16 orc priests
  A basilisk zombie (Crypt:1)
  A jelly (D:5)
  A gnoll bouda (D:4)
  A sleepcap (D:4)
  5 iguanas
  21 orc wizards
  A hell rat (Lair:5)
  A deep dwarf zombie (Crypt:1)
  6 acid dragon simulacra (IceCv)
  15 gnolls
  10 adders
  4 white imps
  An ufetubus (D:6)
  8 steam dragon simulacra (IceCv)
  6 dart slugs
  4 ribbon worms
  64 orcs
  2 ball pythons
  4 bats
  8 endoplasms
  3 giant cockroaches
  13 goblins
  8 hobgoblins
  9 jackals
  14 kobolds
  2 quokkas
  8 frilled lizards
  3 rats
  4 tentacles (Shoals:3)
1627 creatures vanquished.

Vanquished Creatures (others)
  A merfolk avatar (Shoals:4)
  2 deep elf pyromancers
  A deep elf zephyrmancer (Elf:3)
  A lightning spire (Elf:1)
  A manticore (Shoals:3)
  A komodo dragon (Lair:5)
  A wind drake (Shoals:4)
  A water elemental (Shoals:4)
  A steam dragon (Lair:3)
  A boggart (D:14)
  43 foxfires (Orc:2)
  8 tentacles (Shoals:3)
62 creatures vanquished.

Grand Total: 1689 creatures vanquished

Notes
Turn   | Place    | Note
-------+----------+-------------------------------------------
     0 | D:1      | sleeves the Ghoul Cinder Acolyte began the quest for the
                  | Orb.
     0 | D:1      | Reached XP level 1. HP: 19/19 MP: 2/2
    60 | D:1      | Found a faded altar of an unknown god.
   172 | D:1      | HP: 9/19 [ball python (3)]
   176 | D:1      | HP: 4/19 [ball python (3)]
   179 | D:1      | Reached XP level 2. HP: 7/26 MP: 3/3
   181 | D:1      | Reached skill level 4 in Unarmed Combat
   650 | D:1      | Reached XP level 3. HP: 22/31 MP: 4/4
   894 | D:2      | Reached skill level 5 in Unarmed Combat
   952 | D:2      | HP: 15/31 [ribbon worm (3)]
  1215 | D:2      | Reached XP level 4. HP: 34/38 MP: 5/5
  1604 | D:3      | Reached skill level 6 in Unarmed Combat
  1604 | D:3      | Reached XP level 5. HP: 31/45 MP: 6/6
  1981 | D:3      | Reached skill level 7 in Unarmed Combat
  2113 | D:3      | Reached XP level 6. HP: 49/51 MP: 7/7
  2123 | D:3      | Found a runed translucent door.
  2699 | D:3      | Noticed dialectric's ghost (amateur DsFi)
  2773 | D:4      | Found a transporter.
  2777 | D:4      | Noticed RandomusNamus's ghost (amateur TrCA)
  2779 | D:4      | Found a transporter.
  3232 | D:4      | Reached skill level 8 in Unarmed Combat
  3259 | D:4      | Reached XP level 7. HP: 41/57 MP: 8/8
  3265 | D:4      | HP: 27/57 [gnoll/+0 whip[a gnoll bouda] (5)]
  3270 | D:4      | HP: 22/57 [gnoll/+0 whip[a gnoll bouda] (6)]
  3598 | D:5      | Entered Level 5 of the Dungeon
  3614 | D:5      | Reached skill level 9 in Unarmed Combat
  3652 | D:5      | Found a transporter.
  3666 | D:5      | Noticed hecktor's ghost (novice FoHu)
  3741 | D:5      | Found a transporter.
  3902 | D:5      | Found Juhibb's Distillery.
  3914 | D:5      | Bought a potion of curing for 33 gold pieces
  3914 | D:5      | Bought a potion of heal wounds for 55 gold pieces
  4120 | D:5      | Reached skill level 10 in Unarmed Combat
  4126 | D:5      | Reached XP level 8. HP: 42/63 MP: 9/9
  4137 | D:5      | HP: 28/63 [orc priest/+0 flail (6)]
  4826 | D:6      | Noticed Maggie
  4853 | D:6      | HP: 21/63 [Maggie/+2 war axe of flaming (13)]
  4857 | D:6      | Killed Maggie
  4858 | D:6      | Reached skill level 11 in Unarmed Combat
  5100 | D:6      | Found a staircase to the Ecumenical Temple.
  5199 | D:6      | Reached skill level 12 in Unarmed Combat
  5589 | Temple   | Entered the Ecumenical Temple
  5657 | D:7      | Reached XP level 9. HP: 70/70 MP: 10/10
  5805 | D:7      | Reached skill level 13 in Unarmed Combat
  6214 | D:7      | Found a runed translucent door.
  6215 | D:7      | Noticed Crazy Yiuf
  6305 | D:7      | Killed Crazy Yiuf
  6310 | D:7      | Identified the +7 hammer of World Downfall {speed, Fly rC-
                  | Str-5 Int+4}
  6352 | D:8      | Found Suet's Antique Armour Emporium.
  6523 | D:8      | Reached skill level 14 in Unarmed Combat
  6588 | D:8      | Noticed Pikel
  6611 | D:8      | Killed Pikel
  6612 | D:8      | Reached skill level 15 in Unarmed Combat
  6624 | D:8      | Reached XP level 10. HP: 77/77 MP: 8/11
  7082 | D:8      | Noticed Maurice
  7107 | D:8      | Something stole 9 boomerangs
  7140 | D:8      | Something stole 235 gold
  7147 | D:8      | Something stole an orb of energy
  7156 | D:8      | Something stole a +4 ring of slaying
  7157 | D:8      | Killed Maurice
  7440 | D:9      | Reached skill level 16 in Unarmed Combat
  7614 | D:9      | Noticed a +0 hand axe
  7615 | D:9      | Found a hide-covered altar of Uskayaw.
  7615 | D:9      | Noticed a +0 hand axe
  8206 | D:10     | Entered Level 10 of the Dungeon
  8237 | D:10     | Noticed a two-headed ogre
  8262 | D:10     | Found Vigiyr's Distillery.
  8270 | D:10     | Found a flagged portal.
  8291 | Bailey   | Entered a bailey
  8574 | Bailey   | Reached skill level 1 in Armour
  8574 | Bailey   | Reached skill level 1 in Dodging
  8668 | Bailey   | Found a roughly hewn altar of Beogh.
  8668 | Bailey   | Noticed an orc knight
  8668 | Bailey   | Noticed an orc knight
  8676 | Bailey   | HP: 34/78 [orc knight/+0 glaive (8)]
  8678 | Bailey   | Killed an orc knight
  8679 | Bailey   | Reached skill level 4 in Fighting
  8679 | Bailey   | Reached skill level 17 in Unarmed Combat
  8696 | D:10     | HP: 32/79 [two-headed ogre/+0 giant spiked club (16)]
  8720 | D:10     | Reached XP level 11. HP: 34/85 MP: 5/12
  8939 | D:10     | Reached skill level 2 in Armour
  8939 | D:10     | Reached skill level 2 in Dodging
  9032 | D:10     | Reached skill level 5 in Fighting
  9157 | D:10     | Reached skill level 3 in Armour
  9157 | D:10     | Reached skill level 3 in Dodging
  9160 | D:10     | Reached skill level 6 in Fighting
  9171 | D:10     | Killed a two-headed ogre
  9433 | D:10     | Reached skill level 7 in Fighting
  9551 | D:11     | Noticed a cyclops
  9585 | D:11     | Found a frozen archway.
  9592 | IceCv    | Entered an ice cave
  9602 | IceCv    | HP: 46/92 [komodo dragon simulacrum (3)]
  9833 | IceCv    | Reached skill level 4 in Armour
  9854 | IceCv    | Reached skill level 4 in Dodging
  9995 | IceCv    | Reached skill level 8 in Fighting
 10016 | IceCv    | Identified the scarf "Hach" {repulsion, rF- Str+6 Dex-3
                  | SInv}
 10166 | IceCv    | Noticed an ice dragon
 10194 | IceCv    | Killed an ice dragon
 10521 | D:11     | Reached skill level 1 in Shields
 10521 | D:11     | Reached XP level 12. HP: 103/103 MP: 13/13
 10585 | D:11     | Reached skill level 9 in Fighting
 10590 | D:11     | Reached skill level 5 in Armour
 10601 | D:11     | Found a staircase to the Lair.
 10610 | D:11     | Reached skill level 5 in Dodging
 10610 | D:11     | Reached skill level 2 in Shields
 10745 | D:11     | Noticed Snorg
 10758 | D:11     | Killed Snorg
 10759 | D:11     | Reached skill level 3 in Shields
 10777 | D:11     | Noticed a boulder beetle
 10798 | D:11     | HP: 36/105 [boulder beetle (39)]
 10801 | D:11     | HP: 11/105 [boulder beetle (17)]
 10802 | D:11     | Killed a boulder beetle
 11207 | D:11     | Noticed a boulder beetle
 11211 | D:11     | Reached skill level 18 in Unarmed Combat
 11228 | D:11     | Killed a boulder beetle
 11229 | D:11     | Reached skill level 10 in Fighting
 11229 | D:11     | Reached skill level 4 in Shields
 11336 | D:11     | Found a staircase to the Orcish Mines.
 11757 | D:12     | Noticed Psyche
 11775 | D:12     | Killed Psyche
 11964 | D:12     | Reached skill level 6 in Armour
 11964 | D:12     | Reached skill level 6 in Dodging
 12065 | D:12     | Reached skill level 5 in Shields
 12081 | D:12     | HP: 40/106 [skeletal warrior/+0 battleaxe (16)]
 12360 | D:12     | Identified the +5 rapier of Annoyance {distort, rF+ Will+}
 12392 | D:12     | Noticed Rupert
 12393 | D:12     | Paralysed by Rupert for 2 turns
 12451 | Lair:1   | Entered Level 1 of the Lair of Beasts
 12493 | Lair:1   | Found a transporter.
 12524 | Lair:1   | Reached skill level 6 in Shields
 13066 | Lair:1   | Found a transporter.
 13116 | Lair:1   | Reached XP level 13. HP: 81/113 MP: 10/14
 13120 | Lair:1   | Reached skill level 7 in Armour
 13120 | Lair:1   | Reached skill level 7 in Dodging
 13120 | Lair:1   | Reached skill level 7 in Shields
 13324 | Lair:1   | Noticed a tentacled starspawn
 13332 | Lair:1   | Noticed zenocrate's ghost (journeyman OpEE)
 13374 | Lair:1   | Found a one-way gate to the infinite horrors of the Abyss.
 14149 | Lair:2   | Noticed Fannar
 14163 | Lair:2   | Killed Fannar
 14282 | Lair:2   | Reached skill level 8 in Shields
 14854 | Lair:2   | Noticed Sonja
 14863 | Lair:2   | Sonja changed into Sonja the wind drake
 14863 | Lair:2   | Noticed Sonja
 14884 | Lair:2   | Killed Sonja the wind drake
 14887 | Lair:2   | HP: 49/113 [cane toad (9)]
 15197 | Lair:2   | Found a staircase to the Shoals.
 15219 | Lair:2   | Reached skill level 8 in Armour
 15223 | Lair:2   | Reached skill level 8 in Dodging
 15238 | Lair:2   | Reached skill level 9 in Shields
 15916 | Lair:3   | Reached skill level 1 in Throwing
 16131 | Lair:3   | Reached skill level 2 in Throwing
 16224 | Lair:3   | Reached skill level 10 in Shields
 16274 | Lair:3   | Identified the ring "Tunniere" {rC+ EV+5}
 16359 | Lair:3   | Found a hole to the Spider Nest.
 16462 | Lair:3   | HP: 54/113 [six-headed hydra (6)]
 16729 | Lair:3   | Reached XP level 14. HP: 120/121 MP: 13/15
 17082 | Lair:4   | Reached skill level 3 in Throwing
 17136 | Lair:4   | Reached skill level 9 in Armour
 17148 | Lair:4   | Reached skill level 9 in Dodging
 17542 | Lair:4   | Noticed Nessos
 17544 | Lair:4   | Nessos changed into Nessos the jumping spider
 17544 | Lair:4   | Noticed Nessos
 17551 | Lair:4   | Killed Nessos the jumping spider
 17636 | Lair:4   | Reached skill level 11 in Shields
 17644 | Lair:4   | Reached skill level 4 in Throwing
 17942 | Lair:5   | Entered Level 5 of the Lair of Beasts
 18204 | Lair:5   | Found a viscous altar of Jiyva.
 18204 | Lair:5   | Found a staircase to the Slime Pits.
 18257 | Lair:5   | Found a stormy altar of Qazlal.
 18659 | Lair:5   | Reached skill level 5 in Throwing
 19303 | Lair:5   | Reached skill level 10 in Armour
 19328 | Lair:5   | Reached skill level 10 in Dodging
 19412 | Lair:5   | Reached skill level 6 in Throwing
 19440 | Lair:5   | HP: 58/121 [catoblepas (23)]
 19623 | Lair:5   | Reached skill level 12 in Shields
 19634 | Lair:5   | Reached XP level 15. HP: 100/126 MP: 16/16
 19899 | Orc:1    | Entered Level 1 of the Orcish Mines
 20173 | Orc:2    | Entered Level 2 of the Orcish Mines
 20278 | Orc:2    | Noticed Saint Roka
 20285 | Orc:2    | Noticed Donald
 20298 | Orc:2    | HP: 60/126 [Saint Roka/divine providence (11)]
 20576 | Orc:1    | Noticed Urug
 20589 | Orc:1    | Killed Urug
 20609 | Orc:1    | You fall into a shaft and drop 1 floor!
 20659 | Orc:2    | Killed Donald
 20732 | Orc:2    | Reached skill level 7 in Throwing
 20743 | Orc:2    | HP: 59/128 [orc sorcerer/bolt of fire[Saint Roka] (6)]
 20745 | Orc:2    | HP: 26/128 [Saint Roka/+4 great sword of holy wrath (12)]
 21398 | Temple   | Fell from the grace of Ignis
 21398 | Temple   | Became a worshipper of Warmaster Okawaru
 21667 | Orc:2    | Found a staircase to the Elven Halls.
 21682 | Orc:2    | Found a roughly hewn altar of Beogh.
 21710 | Orc:2    | Found Uthuh's Jewellery Shoppe.
 21728 | Orc:2    | Found Fazxaaddesk's Weapon Shoppe.
 21769 | Orc:2    | Reached skill level 11 in Fighting
 21883 | Orc:2    | Reached * piety under Okawaru
 22002 | Orc:2    | HP: 64/132 [Saint Roka/divine providence (10)]
 22211 | Orc:1    | Reached ** piety under Okawaru
 22401 | Orc:2    | HP: 52/132 [Saint Roka/+4 great sword of holy wrath (15)]
 22404 | Orc:2    | Killed Saint Roka
 22405 | Orc:2    | Reached skill level 12 in Fighting
 22675 | Orc:2    | Found Usophono's Book Shoppe.
 22690 | Orc:2    | Found Feleur's General Store.
 22699 | Orc:2    | Found Nohaem's Weapon Emporium.
 22703 | Orc:2    | Bought a potion of curing for 42 gold pieces
 22727 | Orc:2    | Paralysed by an ogre mage for 2 turns
 22863 | Orc:2    | Reached *** piety under Okawaru
 22900 | Orc:2    | Reached skill level 8 in Throwing
 22912 | Orc:2    | HP: 58/134 [fire elemental[the fiery vengeance of Ignis]
                  | (11)]
 22918 | Orc:2    | HP: 51/134 [fire elemental[the fiery vengeance of Ignis]
                  | (5)]
 23607 | D:12     | Reached skill level 13 in Fighting
 23607 | D:12     | Reached skill level 13 in Shields
 23752 | D:13     | Reached **** piety under Okawaru
 23809 | D:13     | Identified the +6 falchion of Distant Worlds {heavy, rC+}
 24141 | D:13     | Found a portal to a secret trove of treasure.
 24376 | D:13     | Was forgiven by Ignis
 24731 | D:14     | Reached ***** piety under Okawaru
 25041 | D:14     | Received a gift from Okawaru
 25042 | D:14     | Reached skill level 14 in Fighting
 25042 | D:14     | Reached XP level 16. HP: 146/146 MP: 17/17
 25199 | D:14     | Reached skill level 9 in Throwing
 25718 | D:14     | Found a gate to the Vaults.
 25872 | D:15     | Entered Level 15 of the Dungeon
 26137 | D:15     | Received a gift from Okawaru
 26147 | D:15     | Reached skill level 15 in Fighting
 26196 | D:15     | Found a staircase to the Depths.
 27062 | D:15     | Noticed Agnes
 27073 | D:15     | Killed Agnes
 27074 | D:15     | Reached skill level 14 in Shields
 27240 | Spider:1 | Entered Level 1 of the Spider Nest
 27255 | Spider:1 | Reached skill level 10 in Throwing
 27751 | Spider:1 | Received a gift from Okawaru
 27873 | Spider:1 | Identified the ring "Xurury" {Wiz rPois rF+ Int+5}
 28792 | Spider:2 | Reached skill level 11 in Throwing
 28880 | Spider:2 | Reached skill level 1 in Invocations
 29216 | Spider:2 | Reached skill level 2 in Invocations
 29259 | Spider:2 | Received a gift from Okawaru
 29350 | Spider:2 | Reached XP level 17. HP: 144/156 MP: 18/18
 29423 | Spider:2 | Reached skill level 3 in Invocations
 29815 | Spider:2 | Reached skill level 15 in Shields
 30371 | Spider:3 | Reached skill level 4 in Invocations
 30856 | Spider:3 | Received a gift from Okawaru
 30857 | Spider:3 | Reached skill level 5 in Invocations
 30938 | Spider:3 | HP: 73/156 [wolf spider[a broodmother] (6)]
 30939 | Spider:3 | HP: 28/156 [broodmother (20)]
 30945 | Spider:3 | HP: 39/156 [something (8)]
 31513 | Spider:3 | Reached skill level 12 in Throwing
 31538 | Spider:3 | Reached skill level 6 in Invocations
 31975 | Spider:4 | Entered Level 4 of the Spider Nest
 32040 | Spider:4 | Identified the serpent talisman "Utudaag" {Will+ Str-5
                  | Int+3 SInv}
 32040 | Spider:4 | Noticed Aizul
 32054 | Spider:4 | Killed Aizul
 32583 | Spider:4 | Noticed Arachne
 32630 | Spider:4 | Killed Arachne
 32630 | Spider:4 | Received a gift from Okawaru
 32631 | Spider:4 | Reached skill level 7 in Invocations
 33148 | Spider:4 | HP: 71/156 [meliai/divine providence (12)]
 33158 | Spider:4 | HP: 46/156 [meliai/divine providence (15)]
 33478 | Spider:4 | HP: 74/156 [meliai/divine providence (17)]
 33963 | Spider:4 | Reached skill level 8 in Invocations
 34179 | Spider:4 | Received a gift from Okawaru
 34184 | Spider:4 | HP: 77/156 [spark wasp (14)]
 34192 | Spider:4 | HP: 57/156 [spark wasp (20)]
 34204 | Spider:4 | Reached skill level 13 in Throwing
 34624 | Spider:4 | Got a gossamer rune of Zot
 35003 | Shoals:1 | Entered Level 1 of the Shoals
 35031 | Shoals:1 | Reached skill level 9 in Invocations
 35091 | Shoals:1 | Noticed Roxanne
 35231 | Shoals:1 | Reached XP level 18. HP: 126/163 MP: 23/25
 35457 | Shoals:1 | Received a gift from Okawaru
 35926 | Shoals:1 | Reached skill level 10 in Invocations
 36270 | Shoals:2 | Found Onexy's Weapon Emporium.
 36300 | Shoals:2 | Reached ****** piety under Okawaru
 36338 | Shoals:2 | Acquired the +8 lance "Wyrmbane" {god gift, slay drac,
                  | rPois rF+ rC+ AC+3}
 36338 | Shoals:2 | Received a gift from Okawaru
 36338 | Shoals:2 | Found the +8 lance "Wyrmbane" {god gift, slay drac, rPois
                  | rF+ rC+ AC+3}
 36344 | Shoals:2 | Acquired the scarf of the Harp {god gift, rC+ rF+, rElec
                  | Int+7 SInv Stlth-}
 36344 | Shoals:2 | Received a gift from Okawaru
 36370 | Shoals:2 | Reached skill level 14 in Throwing
 37306 | Shoals:3 | Received a gift from Okawaru
 37469 | Shoals:3 | Reached skill level 15 in Throwing
 37773 | Shoals:3 | HP: 81/163 [merfolk/+0 halberd[a merfolk impaler] (6)]
 37983 | Shoals:3 | Identified the +3 ring mail of Vlad {*Slow rPois Str+5}
 38500 | Shoals:4 | Entered Level 4 of the Shoals
 38535 | Shoals:4 | Paralysed by an air elemental for 1 turns
 38548 | Shoals:4 | HP: 79/163 [merfolk javelineer/silver javelin (17)]
 38549 | Arena    | Entered the Arena
 38576 | Shoals:4 | Received a gift from Okawaru
 38579 | Shoals:4 | HP: 77/163 [merfolk javelineer/silver javelin (9)]
 38584 | Shoals:4 | HP: 61/163 [merfolk javelineer/silver javelin (13)]
 38588 | Shoals:4 | Reached skill level 16 in Throwing
 38905 | Shoals:4 | HP: 73/163 [water nymph/the raging water (13)]
 38910 | Shoals:4 | HP: 57/163 [water nymph/the raging water (16)]
 38927 | Shoals:4 | HP: 66/163 [water nymph/the raging water (3)]
 38932 | Shoals:4 | HP: 75/163 [merfolk/+0 trident[a merfolk javelineer] (3)]
 38937 | Shoals:4 | HP: 73/163 [wind drake/the air (6)]
 38943 | Shoals:4 | HP: 60/163 [water nymph/the raging water (3)]
 39235 | Shoals:4 | Paralysed by an air elemental for 1 turns
 39245 | Shoals:4 | Paralysed by an air elemental for 1 turns
 39393 | Shoals:4 | HP: 66/163 [merfolk javelineer/javelin (19)]
 39440 | Shoals:4 | HP: 79/163 [merfolk impaler/+1 demon trident of venom (14)]
 39648 | Shoals:4 | Reached XP level 19. HP: 130/170 MP: 26/26
 39831 | Shoals:4 | Paralysed by an air elemental for 1 turns
 39835 | Shoals:4 | Paralysed by an air elemental for 1 turns
 39895 | Shoals:4 | Paralysed by an air elemental for 1 turns
 39936 | Shoals:4 | Paralysed by an air elemental for 1 turns
 39942 | Shoals:4 | Paralysed by an air elemental for 1 turns
 39948 | Shoals:4 | Paralysed by an air elemental for 1 turns
 40065 | Shoals:4 | Reached skill level 19 in Unarmed Combat
 40087 | Shoals:4 | Paralysed by an air elemental for 1 turns
 40090 | Shoals:4 | HP: 82/170 [air elemental/stunning burst (6)]
 40406 | Shoals:4 | Identified the ring of Bomin {rC+ EV+5}
 40414 | Shoals:4 | Identified the +1 kite shield of the Blind Marksman {Str+3}
 40417 | Shoals:4 | Got a barnacled rune of Zot
 40523 | Shoals:4 | Received a gift from Okawaru
 41140 | Vaults:1 | Entered Level 1 of the Vaults
 41143 | D:14     | Upgraded the game from 0.32-a0-732-ga344392067 to
                  | 0.32-a0-747-gc8563f6773
 41317 | Elf:1    | Entered Level 1 of the Elven Halls
 41409 | Elf:1    | Found a crumbling gateway.
 41432 | Desolati | Entered the Desolation of Salt
 41462 | Desolati | HP: 68/170 [ragged hierophant/a resonance strike (24)]
 41463 | Arena    | Entered the Arena
 41717 | Desolati | Reached skill level 20 in Unarmed Combat
 41961 | Desolati | Identified the +1 buckler of the Baku {rC+ Int+4}
 41973 | Desolati | Identified the +4 dire flail of Hammering Terror {flame,
                  | rC+}
 42083 | Desolati | Received a gift from Okawaru
 42409 | Desolati | Identified the ring of Zasiv {Fly rF+ MP+9 Stlth+}
 42421 | Desolati | Identified the +6 dagger of Experimentation {freeze, *Rage
                  | rPois Int+5 Dex+3}
 42499 | Desolati | Reached skill level 21 in Unarmed Combat
 42760 | Desolati | Received a gift from Okawaru
 42789 | Desolati | Got Piuth's Spellbook of Toxins
 42795 | Desolati | Got the Lessons on Nephomancy
 42882 | Desolati | Found the +2 shield of Resistance {rF++ rC++ Will++}
 43376 | Elf:1    | Received a gift from Okawaru
 43508 | Elf:1    | Got Vehumet's Verses on Forces
 43547 | Elf:1    | Reached skill level 22 in Unarmed Combat
 43773 | Elf:1    | Identified the +9 short sword of Dops {antimagic, *Corrode
                  | Int+3 Dex+5}
 43916 | Elf:1    | Found a runed translucent door.
 44281 | Elf:1    | Paralysed by an air elemental for 1 turns
 44287 | Elf:1    | Paralysed by an air elemental for 1 turns
 44291 | Elf:1    | Paralysed by an air elemental for 1 turns
 44296 | Elf:1    | Paralysed by an air elemental for 1 turns
 44301 | Elf:1    | Paralysed by an air elemental for 1 turns
 44307 | Elf:1    | Reached XP level 20. HP: 97/178 MP: 27/27
 44309 | Elf:1    | Paralysed by an air elemental for 1 turns
 44322 | Elf:1    | HP: 84/178 [+2 rapier of electrocution (7)]
 44325 | Elf:1    | Paralysed by an air elemental for 1 turns
 44548 | Elf:1    | Identified the staff "Hipits" {rElec Will+ Air}
 44563 | Elf:1    | Reached skill level 11 in Invocations
 44582 | Elf:1    | HP: 89/178 [lightning spire/bolt of electricity (4)]
 44922 | Elf:2    | Found Qushuwi's Assorted Antiques.
 44930 | Elf:2    | Bought a scroll of teleportation for 60 gold pieces
 45017 | Elf:2    | Reached skill level 12 in Invocations
 45758 | Elf:2    | Found a huge runed translucent gate.
 45758 | Elf:2    | Found a huge runed translucent gate.
 45758 | Elf:2    | Found a huge runed translucent gate.
 45758 | Elf:2    | Found a huge runed translucent gate.
 45758 | Elf:2    | Found a huge runed translucent gate.
 45760 | Elf:2    | Noticed Jorgrun
 45832 | Elf:3    | Entered Level 3 of the Elven Halls
 45909 | Elf:3    | Reached skill level 13 in Invocations
 46143 | Elf:3    | Found Nan Xot's Jewellery Shoppe.
 46255 | Elf:3    | Found a runed translucent gate.
 46256 | Elf:3    | Found a runed translucent gate.
 46259 | Elf:3    | Found a runed translucent gate.
 46259 | Elf:3    | Noticed Gazog's ghost (adept VSSh)
 46262 | Elf:3    | Identified the ring of the Exiled Quests {rN+ Str+3 Int+4}
 46305 | Elf:3    | Received a gift from Okawaru
 46381 | Elf:3    | Reached skill level 14 in Invocations
 46539 | Elf:3    | Identified the ring of Beasut {rC+ Str+3}
 46798 | Elf:3    | Identified the +0 scale mail of Anarchy {rPois Stlth+}
 46809 | Elf:3    | Received a gift from Okawaru
 46811 | Elf:3    | Reached skill level 15 in Invocations
 47050 | Elf:3    | Identified the +2 morningstar "Gougonun" {pain, Str+3}
 47099 | Elf:3    | HP: 85/178 [deep elf blademaster/+0 rapier (18)]
 47374 | Elf:3    | Found the +11 plutonium sword {^Contam Stlth-}
 47383 | Elf:3    | Identified the ring of the Crown {Will++ Str-2 Int+6}
 47388 | Elf:3    | Identified the +4 whip of the Forsaken Wonders {holy, rElec
                  | rPois rC-}
 47402 | Elf:3    | Identified the amulet of Elydez Ushu {Faith ^Fragile +Inv
                  | rPois rC+}
 47513 | Elf:3    | Found the +2 pair of slick slippers {slick, slippery, EV+4}
 47533 | Elf:3    | Identified the +1 plate armour "Jiac" {Str+5 Slay+2}
 47535 | Elf:3    | Identified the +6 scale mail of the Lizard {Harm Regen+
                  | Dex-2}
 47540 | Elf:3    | Identified the +1 hat of Distant Shores {Harm MP+9}
 47566 | Elf:3    | sleeves: ??slippery
 47566 | Elf:3    | beem: slippery ~ slippers ~ slick slippers[1/2]: +2 unrand
                  | boots (with 0 base AC - they're like hats for your feet!)
                  | that give +4 EV, immunity to
                  | constriction/engulfing/nets/webs, and make all enemies act
                  | as if they had trample. (If they damage you with a melee
                  | attack, you move back and they follow.) New in 0.30.
 48069 | Vaults:1 | Received a gift from Okawaru
 48109 | Vaults:1 | Reached skill level 17 in Throwing
 48118 | Vaults:1 | Reached XP level 21. HP: 125/184 MP: 32/32
 48269 | Vaults:1 | Found Qakisian's Distillery.
 48274 | Vaults:1 | Bought a potion of heal wounds for 85 gold pieces
 48274 | Vaults:1 | Bought a potion of curing for 51 gold pieces
 48274 | Vaults:1 | Bought a potion of heal wounds for 85 gold pieces
 48274 | Vaults:1 | Bought a potion of might for 68 gold pieces
 48605 | Vaults:1 | Identified the staffconjuration "Haiguir" {rN+ rCorr Conj
                  | Alchemy}
 48931 | Vaults:1 | HP: 92/184 [centaur warrior/arrow (15)]
 49130 | Vaults:1 | HP: 91/184 [deep troll[an ironbound preserver] (5)]
 49138 | Vaults:1 | HP: 73/184 [deep troll[an ironbound preserver] (13)]
 49144 | Vaults:1 | HP: 64/184 [deep troll[an ironbound preserver] (1)]
 49798 | Vaults:1 | Reached skill level 18 in Throwing
 50275 | Vaults:2 | Received a gift from Okawaru
 50572 | Vaults:2 | Noticed Bai Suzhen
 50578 | Vaults:2 | HP: 82/184 [tengu reaver/+0 great sword (11)]
 51052 | Vaults:2 | Found Efuf's Magic Scroll Shop.
 51057 | Vaults:2 | Bought a scroll of fear for 80 gold pieces
 51256 | Vaults:2 | Reached skill level 19 in Throwing
 51262 | Vaults:2 | HP: 85/184 [vault warden/bolt (32)]
 51752 | Vaults:2 | Identified the +8 arbalest of the Penguin {flame, rPois rF+
                  | rC- rCorr}
 51777 | Vaults:2 | Identified a scroll of acquirement
 51810 | Vaults:2 | Noticed Jory
 51825 | Vaults:2 | HP: 91/184 [Jory/+2 heavy battleaxe (13)]
 51831 | Vaults:2 | Killed Jory
 51831 | Vaults:2 | Received a gift from Okawaru
 52293 | Vaults:1 | Acquired 594 gold pieces
 52682 | Vaults:2 | Found a staircase to the Crypt.
 52682 | Vaults:2 | Found an ancient bone altar of Kikubaaqudgha.
 52682 | Vaults:2 | Found a basalt altar of Yredelemnul.
 52744 | Vaults:2 | HP: 87/184 [tengu reaver/bolt of lightning (10)]
 53166 | Vaults:2 | Killed Bai Suzhen
 53867 | Vaults:2 | Reached skill level 20 in Throwing
 53980 | Vaults:2 | Reached XP level 22. HP: 192/192 MP: 33/33
 54107 | Vaults:3 | HP: 91/192 [war gargoyle/+0 flail of protection[a
                  | peacekeeper] (32)]
 54676 | Vaults:3 | Received a gift from Okawaru
 55090 | Vaults:3 | You fall into a shaft and drop 1 floor!
 55336 | Vaults:4 | Reached skill level 21 in Throwing
 55453 | Vaults:4 | Received a gift from Okawaru
 57252 | Vaults:4 | Received a gift from Okawaru
 57345 | Vaults:4 | Identified the +0 chain mail "Eseowk" {Harm Str+5 Dex-4}
 57443 | Vaults:4 | Found a runed translucent gate.
 57443 | Vaults:4 | Found a runed translucent gate.
 57445 | Vaults:4 | Found an ancient bone altar of Kikubaaqudgha.
 57445 | Vaults:4 | Found a runed translucent gate.
 57445 | Vaults:4 | Noticed a dread lich
 57446 | Vaults:4 | Noticed gimp's ghost (adept MfSh)
 57446 | Vaults:4 | Noticed a dread lich
 57495 | Vaults:4 | Reached skill level 22 in Throwing
 57859 | Crypt:1  | Entered Level 1 of the Crypt
 57915 | Crypt:1  | HP: 92/192 [ghoul (17)]
 57922 | Crypt:1  | HP: 77/192 [ghoul (15)]
 57928 | Crypt:1  | HP: 61/192 [ghoul (11)]
 58854 | Arena    | Entered the Arena
 58895 | Crypt:1  | HP: 90/192 [phantasmal warrior[a vampire knight] (22)]
 58902 | Crypt:1  | HP: 32/192 [ancient champion/+1 heavy great mace (13)]
 58907 | Crypt:1  | HP: 25/192 [ancient champion/+1 heavy great mace (15)]
 58913 | Crypt:1  | Slain by a phantasmal warrior

Illustrated notes

Levels and vault maps discovered:
D:1:      dpeg_arrival_windows_large_door, layout_loops_ring,
          basic_ecumenical_altar, minmay_misc_feat_square
D:2:      layout_basic, grunt_decor_fettered
D:3:      layout_loops_corners, ebering_ghost_reflecting_pool, st_stairs_14,
          corexii_shack, minmay_misc_feat_columns,
          minmay_misc_feat_secret_circle
D:4:      layout_gridville, gammafunk_ghost_mausoleum
D:5:      layout_loops_cross, gammafunk_ghost_smash, serial_shops, shop,
          minivault_19, minmay_ogre_servants
D:6:      layout_cave_pods, temple_statues, minmay_puff, uniq_maggie
D:7:      layout_loops_ring, serial_glass, glass_columns_a, glass_columns_b,
          glass_columns_b, glass_columns_b, glass_columns_a, glass_columns_a,
          uniq_crazy_yiuf_cottage
D:8:      layout_loops_ring, nicolae_stop_n_shop_1, kennysheep_generic_room_13,
          uniq_maurice, uniq_pikel
D:9:      layout_grid_maze, dancing_weapons_uskayaw, serial_park_tiny_1,
          minmay_holes, hangedman_abyss_or_decor_stagger
D:10:     layout_rooms, enter_bailey_2, serial_shops, shop
D:11:     layout_roguey, minmay_lair_entry_grove, orc_0_dummy,
          portal_ice_cave_entry_pillars_2, uniq_snorg
D:12:     layout_gridville, minmay_misc_feat_ornament, uniq_psyche, uniq_rupert
D:13:     layout_cave_pools, enter_trove_5
D:14:     layout_loops_corners, grunt_vaults_entry_fortified,
          grunt_decor_resistance
D:15:     hellmonk_depths_entry_around_the_bend, layout_stronghold,
          minmay_misc_feat_tower, uniq_agnes
Temple:   mainiacjoe_temple_starburst
Lair:1:   layout_layer_cave, gammafunk_ghost_abyssal_escape
Lair:2:   layout_cave_pods, minmay_shoals_entry_beasts, ice2_lemuel,
          infiniplex_staircase_pool_2, uniq_fannar, uniq_sonja
Lair:3:   layout_regular_city, spider_nest_entry_rubble
Lair:4:   layout_misc_corridors, serial_bayou_shore_a, lemuel_fruit_fields,
          lemuel_fruit_fields, grunt_megastairs_5, uniq_nessos
Lair:5:   guppyfry_lair_end_dragon, layout_loops_ring, hangedman_lair_in_review,
          slime_entry_1, basic_altar
Shoals:1: layout_shoals, uniq_roxanne
Shoals:2: cheibrodos_shoals_satyrical_garden, layout_shoals, serial_shops, shop,
          argonaut_gorgonesque
Shoals:3: layout_shoals
Shoals:4: shoals_end_hellmonk_storm_palace [storm_palace_center_circular,
          storm_palace_corner_blocked, storm_palace_corner_grid,
          storm_palace_corner_grid, storm_palace_corner_pillars]
Spider:1: layout_chambers
Spider:2: layout_spider_delve
Spider:3: layout_spider_delve, drop_trap
Spider:4: spider_rune_water, hangedman_spider_tarantella_strand, uniq_arachne,
          uniq_aizul
Orc:1:    layout_diamond_mine, uniq_urug
Orc:2:    st_orc_open, layout_caves, serial_shops, shop, basic_altar,
          regret_index_minedec_guest_junction, uniq_saint_roka, uniq_donald
Elf:1:    eino_elf_arrival_sip, layout_onion_city,
          portal_desolation_entry_nicolae_nacl, minmay_elf_annihilation,
          minivault_15, hangedman_aerie_drop
Elf:2:    elven_hall_of_blades_hangedman_alternative
          [nicolae_blade_entry_area_security], layout_geoelf_octagon,
          serial_shops, nicolae_shop_tiny_statue_garden, drop_trap,
          nicolae_elf_big_sculpture_2, uniq_jorgrun
Elf:3:    minmay_elf_hall, layout_gridlike, serial_shops,
          nicolae_shop_hallway_plus, gammafunk_ghost_split, minivault_24,
          grunt_ministairs_11
Vaults:1: nicolae_vaults_security_offices_3, vaults_room_grid, v_rooms_4,
          nicolae_vaults_trapezoid_lopsided_4, nicolae_vaults_octothorpe,
          v_misc_9, vaults_mumra_minichess_inversion, hangedman_vaults_impose,
          hangedman_vaults_snaps, ontoclasm_vaults_decontamination,
          layout_vaults_omnigrid, serial_shops, nicolae_shop_crystal
Vaults:2: vaults_dpeg_doors, st_greater_box_3, vaults_dpeg_diagonal,
          hangedman_vaults_hat, nicolae_vaults_doubleplus_tesselated,
          nicolae_vaults_heart-shaped_vault, layout_vaults_chaotic_city,
          minmay_crypt_entry_necro_gods, serial_shops, shop, uniq_bai_suzhen,
          uniq_jory
Vaults:3: nicolae_vaults_trapezoid_lopsided_4, nicolae_vaults_double_plus_3,
          ontoclasm_vaults_fault, nicolae_vaults_circle_grid_a,
          nicolae_vaults_twisting_passages, v_alt_pattern_5,
          nicolae_vaults_security_offices_4, nicolae_vaults_big_ls,
          nicolae_vaults_closet_pinwheel_2, nicolae_vaults_wrenched, v_rooms_5,
          layout_vaults_maze_bifur
Vaults:4: gammafunk_ghost_crypt, v_pattern_2, hangedman_vaults_corner, v_misc_1,
          hangedman_vaults_restitches, v_misc_4, ontoclasm_vaults_ring_small,
          nicolae_vaults_octothorpe, vaults_room_grid, vaults_room_pool,
          nicolae_vaults_diagonal_hallway_9, nicolae_vaults_surprise_closet,
          nicolae_vaults_apartment_1, layout_vaults_ring
Crypt:1:  layout_gridlike

Skill      XL: |  1  2  3  4  5  6  7  8  9 10 11 12 13 14 15 16 17 18 19 20 21 22 |
---------------+-------------------------------------------------------------------+-----
Unarmed Combat | 4 5 6 7 8 10 12 15 17 18 22 | 22.0
Armour         | 1 4 6 8 10 | 10.5
Dodging        | 1 4 6 8 10 | 10.5
Fighting       | 4 8 10 14 15 | 15.2
Shields        | 1 6 10 12 13 14 15 | 15.0
Throwing       | 2 6 8 11 13 16 17 20 22 | 22.0
Invocations    | 2 9 10 15 | 15.0
Spellcasting   | |  1.0
Fire Magic     | |  2.4

Action                     |  1- 3 |  4- 6 |  7- 9 | 10-12 | 13-15 | 16-18 | 19-21 | 22-24 || total
---------------------------+-------+-------+-------+-------+-------+-------+-------+-------++-------
  Melee: Unarmed           |    88 |   182 |   243 |   606 |  1340 |  1832 |  1638 |   773 ||  6702
         Punch             |       |     6 |    13 |    70 |       |       |       |       ||    89
         Mace              |       |       |       |       |    12 |       |       |       ||    12
  Throw: Boomerang         |       |       |       |       |     4 |   267 |   533 |    78 ||   882
         Javelin           |       |       |       |       |       |       |   113 |       ||   113
 Invoke: Foxfire Swarm     |       |       |       |       |     2 |       |       |       ||     2
         Rising Flame      |       |       |       |       |     1 |       |       |       ||     1
         Fiery Armour      |       |       |       |       |     1 |       |       |       ||     1
         Heroism           |       |       |       |       |       |     5 |     7 |     4 ||    16
         Duel              |       |       |       |       |       |     1 |     1 |     1 ||     3
         Receive Weapon    |       |       |       |       |       |     1 |       |       ||     1
         Receive Armour    |       |       |       |       |       |     1 |       |       ||     1
         Finesse           |       |       |       |       |       |       |     2 |       ||     2
  Evoke: Wand              |       |       |       |    21 |    12 |     7 |     3 |       ||    43
    Use: Scroll            |       |       |     2 |    11 |    14 |    19 |    11 |       ||    57
         Potion            |       |       |     1 |     2 |     2 |     6 |     5 |     1 ||    17
   Stab: Held in net/web   |       |     1 |       |       |       |       |       |       ||     1
         Invisible         |       |       |       |     2 |       |       |       |       ||     2
 Armour: Robe              |    43 |       |       |       |       |       |       |       ||    43
         Ring mail         |    12 |    83 |    65 |       |       |       |       |       ||   160
         Swamp dragon scal |       |       |    63 |   332 |   467 |       |       |       ||   862
         Plate armour      |       |       |       |       |   252 |   963 |   926 |   263 ||  2404
  Dodge: Dodged            |    25 |    66 |    94 |   337 |   463 |   436 |   488 |   187 ||  2096
  Block: Other             |    10 |    29 |    15 |       |       |       |       |       ||    54
         Reflection        |       |     2 |     1 |       |    95 |   178 |   140 |    53 ||   469
         Tower shield      |       |       |       |       |  1407 |  2599 |   565 |       ||  4571
         Kite shield       |       |       |       |       |       |       |   975 |   586 ||  1561

Table legend: (Time is in decaauts)
 A = Elapsed time spent in this place.
 B = Non-inter-level travel time spent in this place.
 C = Inter-level travel time spent in this place.
 D = Time resting spent in this place.
 E = Time spent auto-exploring this place.
 F = Levels seen in this place.
 G = Mean time per level.
                   A        B        C        D        E       F      G
               +--------+--------+--------+--------+--------+-----+--------+
         Total |  57620 |  54223 |   3397 |   4718 |  37615 |  45 | 1280.4 |
       Dungeon |  15898 |  14253 |   1645 |    593 |  11002 |  15 | 1059.9 |
        Temple |    115 |      2 |    113 |      0 |      0 |   1 |  115.0 |
          Lair |   7326 |   6941 |    385 |    350 |   5092 |   5 | 1465.2 |
        Shoals |   6029 |   5809 |    220 |    598 |   3776 |   4 | 1507.2 |
   Spider Nest |   7611 |   7200 |    411 |    510 |   5363 |   4 | 1902.8 |
  Orcish Mines |   2973 |   2767 |    206 |   1086 |   1037 |   2 | 1486.5 |
   Elven Halls |   4503 |   4375 |    128 |      0 |   3435 |   3 | 1501.0 |
        Vaults |   9702 |   9416 |    286 |   1307 |   5974 |   4 | 2425.5 |
         Crypt |    484 |    484 |      0 |      0 |    259 |   1 |  484.0 |
        Bailey |    420 |    420 |      0 |      0 |    263 |   1 |  420.0 |
      Ice Cave |    830 |    830 |      0 |     26 |    557 |   1 |  830.0 |
    Desolation |   1655 |   1655 |      0 |    208 |    856 |   1 | 1655.0 |
         Arena |     69 |     69 |      0 |     36 |      0 |   3 |   23.0 |
               +--------+--------+--------+--------+--------+-----+--------+

Top non-repeatable levels by time:
Vaults:2: 3749 daAuts
Vaults:1: 2846 daAuts
Spider:4: 2719 daAuts
Shoals:4: 2320 daAuts
  Lair:2: 1876 daAuts
   Elf:3: 1841 daAuts
  Lair:5: 1839 daAuts
Vaults:3: 1810 daAuts
   Orc:2: 1775 daAuts
Spider:2: 1757 daAuts
Spider:3: 1691 daAuts
   Elf:1: 1683 daAuts
Desolation: 1655 daAuts
    D:14: 1648 daAuts
  Lair:1: 1537 daAuts
